 Dungeon Crawl Stone Soup version 0.31.0-9-g3a7656b989 (webtiles) character file.

Game seed: 17012505509124165144

855 qw the Nimble (level 7, -14/35 HPs)
             Began as a Spriggan Hunter on Feb 2, 2024.
             Demolished by Edmund
             ... wielding a +1 heavy flail
              (18 damage)
             ... on level 4 of the Dungeon.
             The game lasted 00:00:18 (3960 turns).

qw the Nimble (Spriggan Hunter)                     Turns: 3960, Time: 00:00:18

Health: -14/35     AC:  3    Str:  7    XL:     7   Next: 70%
Magic:  8/8        EV: 23    Int: 11    God:
Gold:   140        SH:  0    Dex: 20    Spells: 6/6 levels left

rFire   . . .        a - +0 shortbow
rCold   . . .        (shield currently unavailable)
rNeg    . . .        c - +0 robe
rPois   .            (helmet restricted)
rElec   .            k - +0 cloak
rCorr   +            (gloves unavailable)
SInv    +            (boots unavailable)
Will    ++...        (no amulet)
Stlth   ++           d - ring of willpower
HPRegen 0.25/turn    l - ring of resist corrosion
MPRegen 0.11/turn

%: no passive effects
@: very quick
A: very small, no large weapons, unfitting armour, see invisible, speed 3
a: no special abilities


You were on level 4 of the Dungeon.
You visited 1 branch of the dungeon, and saw 4 of its levels.

You collected 165 gold pieces.
You spent 25 gold pieces at shops.


Innate Abilities, Weirdness & Mutations

You are very small and have problems with some larger weapons.
You are too small for most types of armour.
You have supernaturally acute eyesight. (SInv)
You cover ground extremely quickly. (Speed+++)


   Skills:
 - Level 2.0 Fighting
 + Level 7.5 Ranged Weapons
 - Level 8.0 Dodging
 - Level 1.5 Stealth


You had 6 spell levels left.
You didn't know any spells.
Your spell library was empty.

Inventory:

Hand Weapons
 a - a +0 shortbow (weapon)
Armour
 c - a +0 robe (worn)
 k - a +0 cloak (worn)
Jewellery
 d - a ring of willpower (left hand)
 e - a ring of positive energy
 f - an amulet of the acrobat
 l - a ring of resist corrosion (right hand)
Wands
 b - a wand of polymorph (1)
 i - a wand of roots (9)
Scrolls
 h - a scroll of torment {unknown}
 j - a scroll of identify
 m - a scroll of enchant weapon {unknown}
Potions
 g - a potion of curing

Dungeon Overview and Level Annotations

Branches:
Dungeon (4/15)
 Temple: D:4-7

Altars:
Qazlal

Shops:
D:1 (*![   D:3 [   D:4 *

Annotations:
D:4 Edmund


Message History

Edmund shouts!
There is an entrance to Daygeo's General Store here.
You shoot an arrow.
The arrow hits Edmund but does no damage.
You shoot an arrow.
The arrow hits Edmund but does no damage.
You shoot an arrow. The arrow hits Edmund.
Edmund is lightly wounded.
You shoot an arrow. The arrow hits Edmund.
Edmund is lightly wounded.
You shoot an arrow. The arrow closely misses Edmund.
You shoot an arrow. The arrow hits Edmund.
Edmund is lightly wounded.
Edmund completely misses you.
You shoot an arrow. The arrow barely misses Edmund.
Edmund misses you.
You shoot an arrow.
The arrow hits Edmund but does no damage.
Edmund is lightly wounded.
You shoot an arrow.
The arrow hits Edmund but does no damage.
Edmund is lightly wounded.
Edmund hits you with a +1 heavy flail!
You shoot an arrow.
The arrow hits Edmund but does no damage.
Edmund is lightly wounded.
Edmund hits you with a +1 heavy flail!!
Ouch! That really hurt!
You shoot an arrow. The arrow barely misses Edmund.
You shoot an arrow.
The arrow hits Edmund but does no damage.
Edmund is lightly wounded.
Edmund completely misses you.
You shoot an arrow.
The arrow hits Edmund but does no damage.
Edmund is lightly wounded.
Edmund hits you with a +1 heavy flail!!
Ouch! That really hurt!
You die...
Edmund says, "That'll show my brother!"

#....# #.#### #..#
#.)## #..# ##..##
#..# ###..# #..#
.###.## #..#
..##..# #..#
#.....### ##@.#
..###>..#
#####.@.# #.#
###.# #.....).#
#.# #.# #.###...#
#.# #.# #...# #.#
#.#.#####...# #..
#.#....##...## ###
#.####.##....#
#.##.#.......#..#
#.........########


You could see Edmund.

Vanquished Creatures
  Grinder (D:4)
  Sigmund (D:4)
  A phantom (D:4)
  Blork the orc (D:4)
  A scorpion (D:4)
  A vampire bat (D:4)
  A bombardier beetle (D:3)
  A gnoll (D:1)
  5 adders
  3 dart slugs
  3 fire bats (D:4)
  2 ribbon worms (D:2)
  2 orcs (D:4)
  2 spectral bats (D:4)
  14 bats
  3 bat skeletons (D:4)
  A bat zombie (D:4)
  3 endoplasms
  7 giant cockroaches
  7 goblins
  7 hobgoblins
  2 jackals (D:1)
  4 quokkas
  7 ball pythons
  A bat simulacrum (D:4)
  9 frilled lizards
  4 kobolds
  3 rats
97 creatures vanquished.

Notes
Turn   | Place    | Note
-------+----------+-------------------------------------------
     0 | D:1      | qw the Spriggan Hunter began the quest for the Orb.
     0 | D:1      | Reached XP level 1. HP: 10/10 MP: 2/2
     0 | D:1      | 0 ||| qw: Version: 0.3-a-155-g5e7d8dd
     0 | D:1      | 0 ||| qw: Game counter: 534
     0 | D:1      | 0 ||| qw: Melee chars always use a shield: true
     0 | D:1      | 0 ||| qw: God list: Okawaru
     0 | D:1      | 0 ||| qw: Allow faded altars: false
     0 | D:1      | 0 ||| qw: Do Orc after clearing Dungeon:15 true
     0 | D:1      | 0 ||| qw: Do second Lair branch before Depths: true
     0 | D:1      | 0 ||| qw: Lair rune preference: random
     0 | D:1      | 0 ||| qw: Goals: Normal
     0 | D:1      | 0 ||| PLANNING D:1-11
    60 | D:1      | Found Fycob's Distillery.
    64 | D:1      | Reached skill level 3 in Dodging
    72 | D:1      | 72 ||| SHOPLISTING 2 potions of heal wounds (110 gold, have
                  | 17).
    72 | D:1      | 72 ||| SHOPLISTING potion of curing (33 gold, have 17).
    72 | D:1      | 72 ||| SHOPLISTING potion of might (44 gold, have 17).
    72 | D:1      | Found Gutoze's Armour Boutique.
   135 | D:1      | Found Qofod's Weapon Shop.
   206 | D:1      | Reached XP level 2. HP: 14/14 MP: 3/3
   272 | D:1      | Reached skill level 4 in Dodging
   278 | D:1      | Found a faded altar of an unknown god.
   560 | D:1      | Found Getrytev's Assorted Antiques.
   572 | D:1      | Reached XP level 3. HP: 7/18 MP: 4/4
   623 | D:1      | 623 ||| BUYING golden potion (25 gold).
   623 | D:1      | Bought a golden potion for 25 gold pieces
   623 | D:1      | 623 ||| SHOPLISTING scroll labelled EBBE YFOMIATE (28 gold,
                  | have 7).
   623 | D:1      | 623 ||| SHOPLISTING scroll labelled GUMUFR ITHRI (28 gold,
                  | have 7).
   623 | D:1      | 623 ||| SHOPLISTING scroll labelled LICROHUUSE (28 gold,
                  | have 7).
   623 | D:1      | 623 ||| SHOPLISTING silvery potion (25 gold, have 7).
  1043 | D:1      | 1043 ||| READING scroll labelled TURHETHOIDD.
  1044 | D:1      | 1044 ||| READING scroll labelled MEFUACOFUC.
  1045 | D:1      | 1045 ||| READING scroll labelled ZAENTEGONKE.
  1046 | D:1      | 1046 ||| DROPPING scroll of butterflies.
  1048 | D:1      | 1048 ||| Stepping ~*~*~tactically~*~*~ (cloud).
  1056 | D:1      | HP: 4/18 [poisoned by you (poison gas)]
  1284 | D:2      | Reached XP level 4. HP: 22/22 MP: 5/5
  1756 | D:2      | Reached skill level 5 in Dodging
  1897 | D:2      | 1897 ||| UPGRADING to ring of willpower.
  1898 | D:2      | 1898 ||| READING 2 scrolls labelled QOESSAOLUI.
  1898 | D:2      | 1898 ||| IDENTIFYING golden potion
  1964 | D:3      | Found a stormy altar of Qazlal.
  2551 | D:3      | Reached XP level 5. HP: 26/26 MP: 6/6
  2682 | D:3      | Found Geletam's Armour Boutique.
  2691 | D:3      | 2691 ||| SHOPLISTING +1 robe of Unreason {rF+ Dex+2} (310
                  | gold, have 110).
  2862 | D:3      | 2862 ||| UPGRADING to +0 cloak.
  2867 | D:3      | 2867 ||| UPGRADING to ring of resist corrosion.
  2868 | D:3      | 2868 ||| READING 2 scrolls of identify.
  2868 | D:3      | 2868 ||| IDENTIFYING glowing black potion
  2869 | D:3      | 2869 ||| READING scroll of identify.
  2869 | D:3      | 2869 ||| IDENTIFYING 2 ruby potions
  2870 | D:3      | 2870 ||| READING scroll labelled ECHIEXKUSIF.
  2871 | D:3      | 2871 ||| READING scroll labelled LICROHUUSE.
  2972 | D:3      | 2972 ||| DROPPING potion of invisibility.
  2973 | D:3      | 2973 ||| DROPPING 2 potions of degeneration.
  3041 | D:4      | Noticed Grinder
  3064 | D:4      | Killed Grinder
  3065 | D:4      | Reached skill level 6 in Ranged Weapons
  3065 | D:4      | Reached XP level 6. HP: 30/30 MP: 7/7
  3283 | D:4      | Reached skill level 6 in Dodging
  3445 | D:4      | Noticed Sigmund
  3447 | D:4      | 3447 ||| RETREEEEATING.
  3449 | D:4      | Reached XP level 7. HP: 35/35 MP: 8/8
  3466 | D:4      | 3466 ||| RETREEEEATING.
  3482 | D:4      | Killed Sigmund
  3483 | D:4      | Reached skill level 8 in Dodging
  3885 | D:4      | Noticed Blork the orc
  3890 | D:4      | Killed Blork the orc
  3938 | D:4      | Found Daygeo's General Store.
  3947 | D:4      | Noticed Edmund
  3957 | D:4      | HP: 3/35 [Edmund/+1 heavy flail (18)]
  3960 | D:4      | Demolished by Edmund

Levels and vault maps discovered:
D:1:      saegor_arrival_fortress, layout_loops_corners,
          hellmonk_ecumenical_altar_zigzags, serial_shops, shop, shop,
          nicolae_shop_waterfront, nicolae_shop_waterfront
D:2:      layout_basic
D:3:      layout_basic, mainiacjoe_overflow_paths, serial_shops, shop,
          grunt_decor_junction, hangedman_feature_mirror,
          small_statue_intersection
D:4:      layout_basic, serial_shops, shop, goddamned_bats, uniq_edmund,
          uniq_sigmund, uniq_blork_the_orc, uniq_grinder

Skill      XL: |  1  2  3  4  5  6  7 |
---------------+----------------------+-----
Dodging        | 3 4 5 6 8 |  8.0
Ranged Weapons | 5 6 7 |  7.5
Fighting       | 2 |  2.0
Stealth        | |  1.5

Action                     |  1- 3 |  4- 6 |  7- 9 || total
---------------------------+-------+-------+-------++-------
   Fire: Shortbow          |   111 |   164 |    83 ||   358
    Use: Scroll            |     3 |     5 |       ||     8
 Armour: Robe              |     8 |    24 |    24 ||    56
  Dodge: Dodged            |    39 |    65 |    91 ||   195

Table legend:
 A = Non-vault XP
 B = Vault XP
 C = Vault XP percentage of total XP
 D = Non-vault monster count
 E = Vault monster count
 F = Vault count percentage of total count
                 A         B        C        D         E       F
            +---------+---------+-------+---------+---------+-------
      Total |     422 |     800 |  65.5 |      68 |      29 |  29.9
            +---------+---------+-------+---------+---------+-------
        D:1 |      61 |       0 |   0.0 |      28 |       0 |   0.0
        D:2 |      88 |       0 |   0.0 |      21 |       0 |   0.0
        D:3 |      63 |      22 |  25.9 |       9 |       6 |  40.0
        D:4 |     210 |     778 |  78.7 |      10 |      23 |  69.7
            +---------+---------+-------+---------+---------+-------
